 Dungeon Crawl Stone Soup version 0.17-a0-1481-gfdcec5c (webtiles) character file.

6477 emikaela the Basher (level 11, -1/72 HPs)
             Began as an Octopode Wanderer on July 4, 2015.
             Was a High Priest of Okawaru.
             Slain by a wraith (12 damage)
             ... led by Josephine
             ... on level 10 of the Dungeon.
             The game lasted 00:35:00 (12345 turns).

emikaela the Basher (Octopode Wanderer)            Turns: 12345, Time: 00:35:00

Health: -1/72      AC:  1    Str: 15    XL:     11   Next: 0%
Magic:  12/12      EV: 32    Int: 11    God:    Okawaru [*****.]
Gold:   487        SH:  8    Dex: 20    Spells: 0 memorised, 10 levels left

rFire  . . .     SeeInvis .     e - +4 flail (crush)
rCold  . . .     Clarity  +     r - +1 buckler
rNeg   . . .     SustAt   .     (helmet restricted)
rPois  .         Gourm    .     L - amulet of clarity
rElec  .         Spirit   .     y - ring of protection from magic
rCorr  .         Warding  .     G - +5 ring of evasion
rMut   .         Stasis   .     P - ring of flight
MR     +....                    (no ring)
Stlth  +++++++...               (no ring)
                                (no ring)
                                (no ring)
                                (no ring)

@: agile, heroism, very slightly contaminated, hasted and slowed, somewhat
resistant to hostile enchantments, extremely stealthy
A: almost no armour, amphibious, 8 rings, constrict 8, camouflage 1, gelatinous
body 1
a: Heroism, Finesse, Renounce Religion, Evoke Flight


You were on level 10 of the Dungeon.
You worshipped Okawaru.
Okawaru was extremely pleased with you.
You were not hungry.

You visited 2 branches of the dungeon, and saw 11 of its levels.

You collected 487 gold pieces.

Inventory:

Hand weapons
 e - a +4 flail of crushing (weapon)
 g - a +0 hunting sling
 q - a +2 flail of protection
 s - a +3 morningstar
 N - a cursed -3 flail
Missiles
 a - 176 arrows
 i - 321 stones
 o - a throwing net
 p - 50 bolts
 w - 16 poisoned needles
 x - 23 sling bullets
 B - 3 needles of sleeping
 C - 14 arrows of flame
 D - 2 javelins
 F - 12 tomahawks (quivered)
 I - 19 poisoned bolts
 Q - 4 needles of confusion
Armour
 r - a +1 buckler (worn)
Jewellery
 y - a ring of protection from magic (left tentacle)
 G - a +5 ring of evasion (right tentacle)
 L - an amulet of clarity (around mantle)
 P - a ring of flight (on tentacle)
Magical devices
 J - a wand of cold (9)
 S - a wand of lightning (7)
 U - a wand of cold (5)
Scrolls
 k - a scroll of fear
 l - 7 scrolls of remove curse
 t - a scroll of fog {unknown}
 u - a scroll of teleportation {unknown}
 z - 2 scrolls of blinking {unknown}
 M - a scroll of noise {unknown}
Potions
 b - 3 potions of curing
 c - a potion of ambrosia
 h - 3 potions of heal wounds {unknown}
 v - 2 potions of lignification {unknown}
 A - a potion of resistance {unknown}
 H - a potion of haste
 O - 2 potions of magic {unknown}
 R - a potion of mutation {unknown}
Miscellaneous
 T - a box of beasts
Comestibles
 d - 8 bread rations
 f - 4 royal jellies
 j - 4 fruits
 m - 5 beef jerkies
 n - 4 meat rations
 K - 8 slices of pizza


   Skills:
 + Level 6.2(11.2) Fighting
 + Level 11.4(16.4) Maces & Flails
   Level 1.0(6.0) Polearms
 + Level 6.4(11.4) Throwing
 - Level 6.2(11.2) Dodging
 - Level 4.1(9.1) Stealth
 - Level 4.1(9.1) Shields
 - Level 1.6 Invocations


You had 10 spell levels left.
You didn't know any spells.

Dungeon Overview and Level Annotations

Branches:
Dungeon (10/15)            Temple (1/1) D:7             Orc (0/4) D:9
   Lair: D:8-11

Altars:
Ashenzari
Cheibriados
Dithmenos
Elyvilon
Fedhas
Gozag
Kikubaaqudgha
Makhleb
Nemelex Xobeh
Okawaru
Qazlal
Ru
Sif Muna
Trog
Vehumet
Xom
Yredelemnul
Zin
The Shining One

Shops:
D:7 [(


Innate Abilities, Weirdness & Mutations

You cannot wear most types of armour.
You are amphibious.
You can wear up to eight rings at the same time.
You can use your tentacles to constrict eight enemies at once.
Your skin changes colour to match your surroundings (Stealth).
Your rubbery body absorbs attacks (AC +1).


Message History

You closely miss the wraith.
The wraith is heavily damaged.
The wraith completely misses you.
You sock the wraith!
The wraith is almost destroyed.
You block the wraith's attack.
You bludgeon the wraith!!
You destroy the wraith!
Okawaru accepts your kill.
You have reached level 11!
You sock the wraith!
The wraith is heavily damaged.
You hit the wraith but do no damage.
Your tentacle-slap misses the wraith.
You squeeze the wraith.
The wraith is heavily damaged.
The orc wizard gestures wildly while chanting.
The orc wizard flickers and vanishes!
Deactivating autopickup; reactivate with Ctrl-A.
The wraith hits you!
You die...

##[..# #...###.o....@......
##.#..## ##..................
#..##..## ##..o...............
)..###..####..o###.............
#...###..##..)## #......
#...###.....(## #......
#....#.......o####.......
..............{#W........
.....##......ooW@........
...#####.......#####.... ...#
#.......# . ...######.....##
.#...........## ###.........##
##...)....## #<.##.....#
##.#...#..#


You could see 2 wraiths, an orc priest and 2 orcs.

Vanquished Creatures
  Josephine (D:10)
  A hill giant (D:9)
  Sigmund (D:2)
  A human (D:7)
  2 wraiths (D:10)
  Menkaure (D:4)
  Edmund (D:5)
  A hungry ghost (D:10)
  2 sky beasts (D:6)
  Duvessa (D:6)
  An ice beast (D:6)
  An orc warrior (D:6)
  5 phantoms
  2 black bears (D:9)
  3 water moccasins
  3 centaurs
  6 ogres
  3 giant frogs
  2 jellies
  Dowan (D:6)
  2 wyvern zombies
  2 scorpions (D:9)
  The ghost of Fluffy the Skirmisher, a weakling DsAK of Lugonu (D:3)
  4 killer bees (D:8)
  4 wights (D:8)
  2 centaur zombies
  2 crimson imps (D:7)
  A giant frog zombie (D:9)
  A centaur skeleton (D:4)
  A giant frog skeleton (D:6)
  6 orc priests
  2 hounds (D:4)
  3 worker ants
  Terence (D:2)
  7 orc wizards
  2 iguanas (D:6)
  A killer bee zombie (D:8)
  4 sheep (D:7)
  A hound zombie (D:9)
  3 worker ant zombies
  3 gnolls (D:2)
  11 adders
  2 shadow imps
  An ooze (D:4)
  A worm (D:5)
  31 orcs
  A bat skeleton (D:4)
  A bat zombie (D:5)
  6 giant cockroaches
  15 hobgoblins
  2 jackals (D:9)
  10 kobolds
  4 quokkas
  13 bats
  A giant gecko skeleton (D:5)
  6 giant newts
  8 goblins
  A quokka zombie (D:8)
  11 rats
217 creatures vanquished.

Notes
Turn   | Place    | Note
--------------------------------------------------------------
     0 | D:1      | emikaela the Octopode Wanderer began the quest for the Orb.
     0 | D:1      | emikaela set off with: a +2 mace, a potion of curing, a +0 spear, a bread ration
     0 | D:1      | Reached XP level 1. HP: 14/14 MP: 1/1
   281 | D:1      | Found an iron altar of Okawaru.
   305 | D:1      | Became a worshipper of Warmaster Okawaru
   320 | D:1      | Reached XP level 2. HP: 19/19 MP: 2/2
   690 | D:2      | Noticed Terence
   839 | D:2      | Reached skill level 4 in Maces & Flails
   860 | D:2      | Reached XP level 3. HP: 5/24 MP: 3/3
  1431 | D:2      | Reached XP level 4. HP: 26/29 MP: 4/4
  1471 | D:2      | Found a deep blue altar of Sif Muna.
  1471 | D:2      | Noticed Sigmund
  1711 | D:3      | Reached skill level 5 in Maces & Flails
  2099 | D:3      | Noticed Fluffy's ghost (weakling DsAK)
  2127 | D:3      | Killed Fluffy's ghost
  2127 | D:3      | Reached XP level 5. HP: 33/35 MP: 5/5
  2672 | D:4      | Acquired Okawaru's first power
  2734 | D:4      | Noticed Menkaure
  2859 | D:4      | Reached XP level 6. HP: 35/41 MP: 6/6
  2941 | D:4      | Found a glowing silver altar of Zin.
  3348 | D:4      | Killed Menkaure
  3348 | D:4      | Reached skill level 6 in Maces & Flails
  3510 | D:4      | Reached XP level 7. HP: 24/46 MP: 4/7
  4227 | D:2      | Found a bloodstained altar of Trog.
  4560 | D:2      | Killed Terence
  4698 | D:2      | Killed Sigmund
  4897 | D:4      | Reached skill level 7 in Maces & Flails
  5272 | D:5      | Entered Level 5 of the Dungeon
  5292 | D:5      | Noticed Edmund
  5306 | D:5      | Killed Edmund
  5306 | D:5      | Reached XP level 8. HP: 37/54 MP: 8/8
  6569 | D:5      | Found a sacrificial altar of Ru.
  7103 | D:6      | Reached skill level 8 in Maces & Flails
  7206 | D:6      | Reached XP level 9. HP: 60/60 MP: 9/9
  7302 | D:6      | Found a stormy altar of Qazlal.
  7460 | D:6      | Noticed Duvessa
  7463 | D:6      | Noticed Dowan
  7468 | D:6      | Killed Duvessa
  7468 | D:6      | Reached skill level 5 in Fighting
  7474 | D:6      | Killed Dowan
  8308 | D:7      | Found Movvoywi's Antique Weapon Shop.
  8314 | D:7      | Reached skill level 9 in Maces & Flails
  8314 | D:7      | Reached skill level 5 in Dodging
  8634 | D:7      | Found a staircase to the Ecumenical Temple.
  8672 | Temple   | Entered the Ecumenical Temple
  8868 | D:7      | Found an ancient bone altar of Kikubaaqudgha.
  9145 | D:7      | Found Surinakui's Armour Boutique.
  9687 | D:8      | Reached skill level 10 in Maces & Flails
  9687 | D:8      | Reached XP level 10. HP: 36/68 MP: 10/10
 10982 | D:9      | Found a shimmering altar of Xom.
 10983 | D:9      | Found a shimmering altar of Xom.
 10983 | D:9      | Found a shimmering altar of Xom.
 10984 | D:9      | Found a shimmering altar of Xom.
 10985 | D:9      | Found a shimmering altar of Xom.
 10985 | D:9      | Found a shimmering altar of Xom.
 11078 | D:9      | Found a staircase to the Orcish Mines.
 11280 | D:9      | Reached skill level 1 in Invocations
 11742 | D:9      | Noticed a hill giant
 11756 | D:9      | Killed a hill giant
 12004 | D:10     | Entered Level 10 of the Dungeon
 12080 | D:10     | Reached skill level 5 in Throwing
 12212 | D:10     | Noticed Josephine
 12323 | D:10     | Killed Josephine
 12323 | D:10     | Acquired Okawaru's second power
 12323 | D:10     | Received a gift from Okawaru
 12323 | D:10     | Reached skill level 11 in Maces & Flails
 12343 | D:10     | Reached XP level 11. HP: 11/72 MP: 12/12
 12345 | D:10     | Slain by a wraith

Vault maps used:
D:1:      scummos_arrival_hexagon, okawaru_ov_weapons_minmay
D:2:      lightli_temple_of_fire, lemuel_doored_altar, uniq_sigmund,
          uniq_terence
D:4:      overflow_temple_1_default, uniq_menkaure
D:5:      nicolae_ru_path_of_blood, first_bread, minmay_misc_feat_columns,
          uniq_edmund
D:6:      supply_closet_lemuel, nicolae_qazlal_general_emergency, uniq_duvessa
D:7:      kennysheep_mini, minmay_temple_entry_overgrown, serial_shops, shop,
          nicolae_shop_crystal, grunt_livestock
D:9:      xom_redecorated, orc_0_dummy
D:10:     minmay_unpleasant_kobolds, uniq_josephine
Temple:   circular_temple_12

Action                   |  1- 3 |  4- 6 |  7- 9 | 10-12 || total
-------------------------+-------+-------+-------+-------++-------
Melee: Mace              |    23 |       |       |       ||    23
       Halberd           |    10 |       |       |       ||    10
       Flail             |     3 |    89 |   279 |   150 ||   521
       Morningstar       |       |       |       |     8 ||     8
Throw: Javelin           |       |       |       |     5 ||     5
       Throwing net      |       |       |       |     1 ||     1
       Tomahawk          |       |       |       |     1 ||     1
Invok: Heroism           |       |     2 |     8 |     3 ||    13
  Use: Scroll            |     5 |     2 |     8 |     2 ||    17
       Potion            |       |       |       |     2 ||     2
 Stab: Sleeping          |     8 |    11 |    29 |    13 ||    61
       Distracted        |       |       |     2 |     2 ||     4
  Eat: Chunk             |     1 |     6 |    20 |     6 ||    33
       Fruit             |       |     1 |       |     2 ||     3
       Meat ration       |       |       |       |     1 ||     1
